 Dungeon Sprint DCSS version 0.21-a0-243-g597973d (webtiles) character file.

285 terra52 the Slicer (level 6, 0/55 HPs)
             Began as a Ghoul Gladiator on Sept 4, 2017.
             Was an Initiate of Wu Jian.
             Slain by a yak (10 damage)
             ... in the Dungeon (Sprint I: "Red Sonja").
             The game lasted 00:00:55 (395 turns).

terra52 the Slicer (Ghoul Gladiator)                 Turns: 395, Time: 00:00:55

Health: 0/55       AC:  7    Str: 20    XL:     6   Next: 29%
Magic:  5/5        EV: 12    Int:  3    God:    Wu Jian [......]
Gold:   27         SH:  0    Dex: 10    Spells: 5/5 levels left

rFire    . . .     SeeInvis .   a - +0 rapier
rCold    + . .     Gourm    .   (no shield)
rNeg     + + +     Faith    .   l - +0 scale mail {MR+}
rPois    ∞         Spirit   .   c - +0 helmet
rElec    .         Reflect  .   (no cloak)
rCorr    .         Harm     .   (no gloves)
MR       +....     NoTele   +   (no boots)
Stlth    ..........             (no amulet)
HPRegen  0.00/turn              (no ring)
MPRegen  0.09/turn              (no ring)

@: rotting
A: rotting body, claws 1, carnivore 3, cold resistance 1, negative energy
resistance 3, inhibited regeneration, torment resistance, unbreathing
a: Renounce Religion


You were in the Dungeon.
You worshipped Wu Jian.
Wu Jian was noncommittal.
You were not hungry.

You visited 1 branch You collected 27 gold pieces.

Inventory:

Hand Weapons
 a - a +0 rapier (weapon)
Missiles
 d - a throwing net (quivered)
Armour
 b - a +0 leather armour
 c - a +0 helmet (worn)
 l - a +0 scale mail of magic resistance (worn)
Scrolls
 k - a scroll of blinking
Potions
 e - a potion of curing
 g - a potion of heal wounds
 h - a potion of haste
 i - 2 potions of magic
 j - a potion of berserk rage
Comestibles
 f - a meat ration


   Skills:
 + Level 4.9 Fighting
 + Level 8.3 Short Blades
 + Level 4.3 Throwing
 + Level 0.1 Armour
 + Level 7.1 Dodging


You had 5 spell levels left.
You didn't know any spells.

Dungeon Overview and Level Annotations

Branches:
Dungeon (1/1)

Altars:
Cheibriados
Dithmenos
Elyvilon
Fedhas
Hepliaklqana
Kikubaaqudgha
Okawaru
Qazlal
Ru
Sif Muna
Trog
Uskayaw
Vehumet
Wu Jian
Yredelemnul
Zin
The Shining One

Shops:
D ?


Innate Abilities, Weirdness & Mutations

Your body is rotting away.
You thrive on raw meat.
You are immune to poison.
You have sharp fingernails.
You are carnivorous and can eat meat at any time.
Your flesh is cold resistant. (rC+)
You are immune to negative energy. (rN+++)
You do not regenerate when monsters are visible.
You are immune to unholy pain and torment.
You can survive without breathing.


Message History

The yak gores you!
You hit the yak.
The yak is moderately wounded.
The yak closely misses you.
You hit the yak but do no damage.
The yak is moderately wounded.
The yak gores you.
You hit the yak.
The yak is moderately wounded.
The yak barely misses you.
You hit the yak.
The yak is heavily wounded.
You hit the yak.
The yak is severely wounded.
The yak gores you!
* * * LOW HITPOINT WARNING * * *
You closely miss the yak.
The yak is severely wounded.
The yak gores you!
You die...

################
#<.#..)..#.)'$$#
#..').#..'..#.$+
#..#####+#####'#
#..# #?# #..#__#
##)#
#..#_____##+#_.+
#⌠⌠#_.∩...Y@.._#
####_..__##_.#+#
___ ##+# #


You could see a yak.

Vanquished Creatures
  Sigmund (D)
  An ogre (D)
  A jelly (D)
  Ijyb (D)
4 creatures vanquished.

Notes
Turn   | Place    | Note
-------+----------+-------------------------------------------
     0 | D        | terra52 the Ghoul Gladiator began the quest for the Orb.
     0 | D        | Reached XP level 1. HP: 17/17 MP: 0/0
     1 | D        | Noticed Ijyb
    17 | D        | Killed Ijyb
    17 | D        | Reached skill level 4 in Short Blades
    17 | D        | Reached XP level 2. HP: 25/25 MP: 1/1
    17 | D        | Reached XP level 3. HP: 30/30 MP: 2/2
    31 | D        | Noticed an ogre
    36 | D        | Killed an ogre
    36 | D        | Reached skill level 6 in Short Blades
    36 | D        | Reached skill level 5 in Dodging
    36 | D        | Reached XP level 4. HP: 25/40 MP: 3/3
    40 | D        | Noticed Sigmund
    48 | D        | Killed Sigmund
    48 | D        | Reached skill level 8 in Short Blades
    48 | D        | Reached XP level 5. HP: 12/47 MP: 4/4
    48 | D        | Reached XP level 6. HP: 14/55 MP: 5/5
   279 | D        | Found a deep blue altar of Sif Muna.
   280 | D        | Found an ornate altar of the Wu Jian Council.
   281 | D        | Found a radiant altar of Vehumet.
   290 | D        | Became a worshipper of the Wu Jian Council
   382 | D        | Found Lopoes's Magic Scroll Emporium.
   382 | D        | Found an ancient bone altar of Kikubaaqudgha.
   382 | D        | Found a hazy altar of Hepliaklqana.
   382 | D        | Found a stormy altar of Qazlal.
   382 | D        | Found a hide-covered altar of Uskayaw.
   382 | D        | Found a blossoming altar of Fedhas.
   382 | D        | Found a bloodstained altar of Trog.
   382 | D        | Found an iron altar of Okawaru.
   382 | D        | Found a basalt altar of Yredelemnul.
   382 | D        | Found a glowing golden altar of the Shining One.
   382 | D        | Found a snail-covered altar of Cheibriados.
   382 | D        | Found a sacrificial altar of Ru.
   382 | D        | Found a glowing silver altar of Zin.
   382 | D        | Found a shadowy altar of Dithmenos.
   382 | D        | Found a white marble altar of Elyvilon.
   382 | D        | Noticed a yak
   395 | D        | Slain by a yak

Vault maps used:
D:        dungeon_sprint_1

Skill      XL: |  1  2  3  4  5  6 |
---------------+-------------------+-----
Short Blades   | 4 6 8 |  8.3
Throwing       | 2 3 4 |  4.3
Dodging        | 4 5 6 7 |  7.1
Fighting       | 3 4 |  4.9
Armour         | |  0.1

Action                   |  1- 3 |  4- 6 || total
-------------------------+-------+-------++-------
Melee: Rapier            |    18 |    23 ||    41
Throw: Throwing net      |     1 |     1 ||     2
Armor: Leather armour    |     3 |       ||     3
       Scale mail        |       |     4 ||     4
Dodge: Dodged            |     7 |     4 ||    11

Table legend:
 A = Spawn XP
 B = Non-spawn XP
 C = Spawn XP percentage of total XP
 D = Spawn monster count
 E = Non-spawn monster count
 F = Spawn count percentage of total count
 G = Total turns spent on level
                    A         B        C        D         E        F      G
               +---------+---------+-------+---------+---------+-------+---------
         Total |       0 |     408 |   0.0 |       0 |       4 |   0.0 |   395
               +---------+---------+-------+---------+---------+-------+---------
             D |       0 |     408 |   0.0 |       0 |       4 |   0.0 |   395
               +---------+---------+-------+---------+---------+-------+---------
